 Dungeon Crawl Stone Soup version 0.31.0-11-ge490571c62 (webtiles) character file.

Game seed: 17947721035082454130

187 qw the Shooter (level 5, -2/26 HPs)
             Began as a Spriggan Hunter on Feb 4, 2024.
             Slain by an orc
             ... wielding a +0 trident
              (9 damage)
             ... on level 4 of the Dungeon.
             The game lasted 00:00:08 (2739 turns).

qw the Shooter (Spriggan Hunter)                    Turns: 2739, Time: 00:00:09

Health: -2/26      AC:  2    Str:  7    XL:     5   Next: 39%
Magic:  6/6        EV: 20    Int: 11    God:
Gold:   196        SH:  5    Dex: 20    Spells: 4/4 levels left

rFire   . . .        a - +0 shortbow
rCold   . . .        (shield currently unavailable)
rNeg    . . .        c - +0 robe
rPois   .            (helmet restricted)
rElec   .            (no cloak)
rCorr   .            (gloves unavailable)
SInv    +            (boots unavailable)
Will    .....        b - amulet of reflection
Stlth   ++           (no ring)
HPRegen 0.24/turn    (no ring)
MPRegen 0.10/turn

%: reflection
@: lethally poisoned (-2 -> -7), very quick
A: very small, no large weapons, unfitting armour, see invisible, speed 3
a: no special abilities


You were on level 4 of the Dungeon.
You visited 1 branch of the dungeon, and saw 4 of its levels.

You collected 196 gold pieces.


Innate Abilities, Weirdness & Mutations

You are very small and have problems with some larger weapons.
You are too small for most types of armour.
You have supernaturally acute eyesight. (SInv)
You cover ground extremely quickly. (Speed+++)


   Skills:
 - Level 2.0 Fighting
 + Level 5.6 Ranged Weapons
 - Level 5.0 Dodging
 - Level 1.5 Stealth


You had 4 spell levels left.
You didn't know any spells.
Your spell library was empty.

Inventory:

Hand Weapons
 a - a +0 shortbow (weapon)
Armour
 c - a +0 robe (worn)
Jewellery
 b - an amulet of reflection (around neck)
Potions
 d - a potion of cancellation
 e - a potion of degeneration {unknown}
 f - a potion of might {unknown}
 g - a potion of heal wounds {unknown}
 h - a potion of curing
 i - a potion of mutation {unknown}

Dungeon Overview and Level Annotations

Branches:
Dungeon (4/15)
 Temple: D:4-7

Altars:

Annotations:
D:2 1 runed translucent door, Crazy Yiuf


Message History

The adder completely misses you. The ball python completely misses you.
The ball python grabs you. The ball python constricts you.
The adder closely misses you.
The orc hits you from afar with a +0 trident.
You block the kobold's attack.
You shoot an arrow.
The arrow hits the ball python but does no damage.
The ball python bites you but does no damage.
The ball python constricts you. The adder misses you. The kobold misses you.
The orc misses you.
You shoot an arrow. The arrow hits the ball python!
You kill the ball python!
You block the adder's attack. The orc barely misses you.
The kobold barely misses you.
You shoot an arrow. The arrow hits the adder.
The adder is heavily wounded.
You block the adder's attack. The adder barely misses you.
The kobold misses you.
The orc hits you from afar with a +0 trident!
You shoot an arrow. The arrow closely misses the adder.
The adder bites you but does no damage. You block the kobold's attack.
The orc completely misses you.
You shoot an arrow. The arrow misses the adder.
You block the adder's attack. The kobold hits you with a +0 whip.
The orc misses you. The adder completely misses you.
You shoot an arrow.
The arrow hits the adder but does no damage.
The adder is heavily wounded.
The adder completely misses you. You block the kobold's attack.
The orc completely misses you.
You shoot an arrow. The arrow closely misses the adder.
The adder bites you.
You are poisoned.
The adder poisons you! You block the kobold's attack.
The orc barely misses you. The adder closely misses you.
You shoot an arrow. The arrow hits the adder!
You kill the adder!
You feel sick.
The orc hits you from afar with a +0 trident!
You die...

##### ######## ###
#...# #.......
...#...# #.......
#.#...#########.......
#.....#...............
#...#...............
#.K..%..............
#>)@#...............
#o..#...........#...
...####........####...
#.. #........# #..)
... #........# #... .)
..######### ###? . ...
... ...< #### ..


You could see an orc and a kobold.

Vanquished Creatures
  3 orc priests
  Robin (D:2)
  2 adders
  A dart slug (D:4)
  6 orcs
  7 endoplasms
  2 giant cockroaches
  11 goblins
  9 hobgoblins
  3 jackals (D:1)
  4 kobolds
  3 quokkas
  6 ball pythons
  3 bats
  4 frilled lizards
  2 rats (D:3)
67 creatures vanquished.

Notes
Turn   | Place    | Note
-------+----------+-------------------------------------------
     0 | D:1      | qw the Spriggan Hunter began the quest for the Orb.
     0 | D:1      | Reached XP level 1. HP: 10/10 MP: 2/2
     0 | D:1      | 0 ||| qw: Version: 0.3-a-160-g6735b56
     0 | D:1      | 0 ||| qw: Game counter: 5560
     0 | D:1      | 0 ||| qw: Melee chars always use a shield: true
     0 | D:1      | 0 ||| qw: God list: Okawaru
     0 | D:1      | 0 ||| qw: Allow faded altars: false
     0 | D:1      | 0 ||| qw: Do Orc after clearing Dungeon:15 true
     0 | D:1      | 0 ||| qw: Do second Lair branch before Depths: true
     0 | D:1      | 0 ||| qw: Lair rune preference: random
     0 | D:1      | 0 ||| qw: Goals: Normal
     0 | D:1      | 0 ||| PLANNING D:1-11
    12 | D:1      | Reached skill level 3 in Dodging
    57 | D:1      | Reached XP level 2. HP: 14/14 MP: 3/3
    72 | D:1      | You fall into a shaft and drop 1 floor!
    80 | D:2      | 80 ||| DROPPING scroll of butterflies.
   685 | D:1      | 685 ||| UPGRADING to amulet of reflection.
   690 | D:1      | 690 ||| DROPPING ring of magical power.
   743 | D:2      | Reached XP level 3. HP: 18/18 MP: 4/4
   934 | D:2      | Noticed Robin
   942 | D:2      | Killed Robin
  1316 | D:2      | Found a runed translucent door.
  1317 | D:2      | Noticed Crazy Yiuf
  1320 | D:2      | 1320 ||| READING scroll labelled NAPHOV SICZUM.
  1321 | D:2      | 1321 ||| READING scroll labelled LIUMIK ZELO.
  1322 | D:2      | 1322 ||| READING scroll labelled ZOHYPR WIEFRO NIHI.
  1323 | D:2      | 1323 ||| READING scroll labelled XIT VEIPNINEME.
  1424 | D:2      | 1424 ||| DRINKING 2 metallic yellow potions.
  1970 | D:3      | Reached XP level 4. HP: 22/22 MP: 5/5
  1973 | D:3      | HP: 4/22 [orc priest/divine providence (11)]
  2307 | D:3      | 2307 ||| READING scroll labelled WEOLUI NIVUIRGHYE.
  2307 | D:3      | 2307 ||| IDENTIFYING fuming blue potion
  2404 | D:4      | HP: 4/23 [orc priest/divine providence (13)]
  2405 | D:4      | 2405 ||| FLEEEEING.
  2407 | D:4      | 2407 ||| FLEEEEING.
  2409 | D:4      | 2409 ||| FLEEEEING.
  2410 | D:4      | 2410 ||| FLEEEEING.
  2411 | D:4      | 2411 ||| FLEEEEING.
  2412 | D:4      | 2412 ||| FLEEEEING.
  2414 | D:4      | 2414 ||| FLEEEEING.
  2415 | D:4      | 2415 ||| FLEEEEING.
  2416 | D:4      | 2416 ||| FLEEEEING.
  2417 | D:4      | 2417 ||| FLEEEEING.
  2418 | D:4      | 2418 ||| FLEEEEING.
  2419 | D:4      | 2419 ||| FLEEEEING.
  2420 | D:4      | 2420 ||| FLEEEEING.
  2421 | D:4      | 2421 ||| FLEEEEING.
  2422 | D:4      | 2422 ||| FLEEEEING.
  2424 | D:4      | 2424 ||| FLEEEEING.
  2425 | D:4      | 2425 ||| STAIRDANCE
  2492 | D:3      | 2492 ||| READING scroll labelled LURUAHA ERPHIEH.
  2598 | D:4      | 2598 ||| STAIRDANCE
  2614 | D:4      | Reached XP level 5. HP: 19/26 MP: 6/6
  2739 | D:4      | Slain by an orc

Levels and vault maps discovered:
D:1:      eino_arrival_water_star, layout_loops_ring
D:2:      layout_loops_ring, uniq_robin, uniq_crazy_yiuf_cottage
D:3:      layout_basic, chequers_avenue, patterned_corridor
D:4:      layout_basic, serial_shops, shop, uniq_eustachio

Skill      XL: |  1  2  3  4 |
---------------+-------------+-----
Dodging        | 3 4 5 |  5.0
Ranged Weapons | 5 |  5.6
Fighting       | 2 |  2.0
Stealth        | |  1.5

Action                     |  1- 3 |  4- 6 || total
---------------------------+-------+-------++-------
   Fire: Shortbow          |   108 |    70 ||   178
    Use: Scroll            |     4 |     2 ||     6
         Potion            |     1 |       ||     1
 Armour: Robe              |     5 |    15 ||    20
  Dodge: Dodged            |    27 |    38 ||    65
  Block: Other             |       |    14 ||    14
         Reflection        |       |     1 ||     1

Table legend:
 A = Non-vault XP
 B = Vault XP
 C = Vault XP percentage of total XP
 D = Non-vault monster count
 E = Vault monster count
 F = Vault count percentage of total count
                 A         B        C        D         E       F
            +---------+---------+-------+---------+---------+-------
      Total |     253 |      28 |  10.0 |      59 |       8 |  11.9
            +---------+---------+-------+---------+---------+-------
        D:1 |      39 |       0 |   0.0 |      22 |       0 |   0.0
        D:2 |       5 |      28 |  84.8 |       3 |       8 |  72.7
        D:3 |      92 |       0 |   0.0 |      22 |       0 |   0.0
        D:4 |     117 |       0 |   0.0 |      12 |       0 |   0.0
            +---------+---------+-------+---------+---------+-------
